 Dungeon Crawl Stone Soup version 0.27.0-1-g7a089689b8 (webtiles) character file.

Game seed: 6418115176063743201

189 robertstho the Magician (level 6, 0/42 HPs)
             Began as a Djinni Fire Elementalist on Aug 17, 2021.
             Killed by divine providence
             ... invoked by an orc priest
              (17 damage)
             ... on level 3 of the Dungeon.
             The game lasted 00:03:45 (3258 turns).

robertstho the Magician (Djinni Fire Elementalist)  Turns: 3258, Time: 00:03:46

Health: 0/42       AC:  2    Str:  6 (7)  XL:     6   Next: 0%
Gold:   96         EV: 12    Int: 24 (25) God:
                   SH:  0    Dex: 12 (13)

rFire    + + .     SeeInvis .   c - +4 dagger (venom)
rCold    x . .     Faith    .   (no shield)
rNeg     . . .     Spirit   .   a - +0 robe
rPois    ∞         Reflect  .   (no helmet)
rElec    .         Harm     .   (no cloak)
rCorr    +         Rampage  .   (no gloves)
Will     .....                  (boots unavailable)
Stlth    ++........             (no amulet)
HPRegen  0.14/turn              l - +6 ring of intelligence
MPRegen  0.00/turn              q - ring of resist corrosion

@: flying
A: sickness immunity, fire resistance 2, cold vulnerability 1, float, innate
caster, hp casting, extra vitality 1
a: no special abilities


You were on level 3 of the Dungeon.
You visited 1 branch of the dungeon, and saw 3 of its levels.

You collected 96 gold pieces.

Inventory:

Hand Weapons
 c - a +4 dagger of venom (weapon)
Armour
 a - a +0 robe (worn)
Jewellery
 l - a +6 ring of intelligence (left hand)
 q - a ring of resist corrosion (right hand)
 s - a ring of protection from cold
Wands
 k - a wand of flame (16)
Scrolls
 p - a scroll of immolation {unknown}
 r - a scroll of silence
Potions
 b - a potion of degeneration
 d - a potion of attraction {unknown}
 e - a potion of brilliance {unknown}
 f - a potion of mutation {unknown}
 g - a potion of haste {unknown}
 h - a potion of curing
 m - a potion of heal wounds {unknown}


   Skills:
 * Level 1.4 Fighting
 + Level 2.2 Dodging
 + Level 2.9 Stealth
 * Level 4.0 Spellcasting


You couldn't memorise any spells.
You knew the following spells:

 Your Spells              Type           Power      Damage    Failure   Level
a - Foxfire               Conj/Fire      96%        2x1d8     1%          1
b - Conjure Flame         Conj/Fire      24%        6-21      5%          3
c - Inner Flame           Hex/Fire       24%        N/A       5%          3
d - Sticky Flame          Conj/Fire      24%        2d5       19%         4
e - Fireball              Conj/Fire      12%        3d7       45%         5
f - Beastly Appendage     Tmut           48%        N/A       1%          1
g - Call Imp              Summ           24%        N/A       2%          2
Your spell library was empty.

Dungeon Overview and Level Annotations

Branches:
Dungeon (3/15)

Altars:


Innate Abilities, Weirdness & Mutations

You are immune to sickness and miasma.
You are immune to poison.
Your flesh is very heat resistant. (rF++)
You are vulnerable to cold. (rC-)
You float through the air rather than walking.
You learn spells naturally, not from books.
Your magical power is your life essence.
You have superior vitality. (+4 HP)


Message History

The foxfire hits the orc priest.
The orc priest is moderately wounded.
The foxfire hits the orc priest but does no damage.
The orc priest is moderately wounded.
The foxfire hits the orc priest.
The orc priest is heavily wounded.
The orc priest calls down the wrath of Beogh upon you.
Beogh smites you!
Casting: Foxfire (safe; 1% risk of failure)
Press: ? - help, Q - select action, (/) - cycle Dir - look around, f - activate You conjure some foxfire!
* * * LOW HITPOINT WARNING * * *
Unknown command.
Aiming: Throw Flame
Press: ? - help, Shift-Dir - straight line, f - orc priest
Aim: an orc priest, wielding a +0 mace and wearing a +0 scale mail (heavily wounded, ally target, 72% to hit)
The puff of flame hits the orc priest.
The orc priest is almost dead.
The foxfire hits the orc priest.
You kill the orc priest!
You feel your dexterity returning.
You have reached level 6!
Your experience leads to an increase in your attributes!
Your base attributes are Str 7, Int 18, Dex 13.
Increase (S)trength, (I)ntelligence, or (D)exterity?
You feel clever.
Your foxfire dissipates!
Your magical contamination has completely faded away.
An orc priest comes into view. It is wielding a +0 war axe.
Casting: Foxfire (safe; 1% risk of failure)
Press: ? - help, Q - select action, (/) - cycle Dir - look around, f - activate You conjure some foxfire!
The orc priest shouts!
Unknown command.
Casting: Foxfire (safe; 1% risk of failure)
Press: ? - help, Q - select action, (/) - cycle Dir - look around, f - activate You conjure some foxfire!
The orc priest calls down the wrath of Beogh upon you.
Beogh smites you!
You die...

.# #........# .###
#....#.#. ### ...#
#....#.# ... .
.#.#####'#..)#####.###.#
##....(............#.)§.
........[.(.......))...#
###>........)......#)).#
..'............v...>.###
.##............v@§§§vvo.
###..............§§§§###
#..................#
#.........##########
#.........# ###########


You could see an orc priest (ally target).

Vanquished Creatures
  2 orc priests (D:3)
  2 orc wizards (D:3)
  A howler monkey skeleton (D:3)
  2 worms (D:2)
  A dart slug (D:2)
  6 orcs (D:3)
  4 bats
  An endoplasm (D:3)
  6 giant cockroaches
  7 goblins
  4 hobgoblins
  3 jackals (D:1)
  5 ball pythons
  3 frilled lizards
  12 kobolds
  4 rats
63 creatures vanquished.

Vanquished Creatures (others)
  254 foxfires
254 creatures vanquished.

Grand Total: 317 creatures vanquished

Notes
Turn   | Place    | Note
-------+----------+-------------------------------------------
     0 | D:1      | robertstho the Djinni Fire Elementalist began the quest for
                  | the Orb.
     0 | D:1      | Reached XP level 1. HP: 15/15 MP: 0/0
   321 | D:1      | Reached XP level 2. HP: 14/21 MP: 0/0
   906 | D:1      | Reached skill level 1 in Fighting
  1011 | D:1      | Reached XP level 3. HP: 23/27 MP: 0/0
  1011 | D:1      | Learned a level 1 spell: Beastly Appendage
  1159 | D:1      | Reached skill level 3 in Spellcasting
  1211 | D:1      | Found a faded altar of an unknown god.
  2431 | D:2      | Reached XP level 4. HP: 30/32 MP: 0/0
  3106 | D:3      | Reached XP level 5. HP: 29/37 MP: 0/0
  3106 | D:3      | Learned a level 2 spell: Call Imp
  3110 | D:3      | Reached skill level 4 in Spellcasting
  3216 | D:3      | Reached XP level 6. HP: 13/42 MP: 0/0
  3258 | D:3      | Killed from afar by an orc priest

Illustrated notes

Levels and vault maps discovered:
D:1:      lemuel_arrival_broad_hall, layout_basic,
          chequers_ecumenical_altar_simple_redux, minmay_box_of_dots
D:2:      layout_basic
D:3:      layout_basic

Skill      XL: |  1  2  3  4  5 |
---------------+----------------+-----
Fighting       | 1 |  1.4
Spellcasting   | 3 4 |  4.0
Stealth        | 2 |  2.9
Dodging        | |  2.2

Action                   |  1- 3 |  4- 6 || total
-------------------------+-------+-------++-------
 Cast: Foxfire           |   109 |    58 ||   167
Evoke: Wand              |       |     1 ||     1
  Use: Scroll            |       |     4 ||     4
       Potion            |       |     2 ||     2
Armor: Robe              |       |     1 ||     1
Dodge: Dodged            |     7 |     6 ||    13
